 Dungeon Crawl Stone Soup version 0.31-a0-819-gf6de2f5ab6 (webtiles) character file.

Game seed: 5883763609872437161

56 qw the Shooter (level 3, -2/23 HPs)
             Began as a Gargoyle Hunter on Sept 23, 2023.
             Slain by a gnoll
             ... wielding a +0 spear
              (6 damage)
             ... on level 2 of the Dungeon.
             The game lasted 00:00:20 (749 turns).

qw the Shooter (Gargoyle Hunter)                     Turns: 749, Time: 00:00:21

Health: -2/23      AC:  7    Str: 14    XL:     3   Next: 97%
Magic:  3/3        EV: 11    Int:  9    God:
Gold:   80         SH:  0    Dex: 15    Spells: 2/2 levels left

rFire   . . .        Y - +3 orcbow (heavy)
rCold   . . .        (shield currently unavailable)
rNeg    + . .        c - +0 leather armour
rPois   inf          (no helmet)
rElec   +            (no cloak)
rCorr   .            k - +0 pair of gloves
SInv    .            (no boots)
Will    .....        f - amulet of the acrobat
Stlth   ++           (no ring)
HPRegen 0.23/turn    (no ring)
MPRegen 0.08/turn

%: acrobat
@: no status effects
A: sickness immunity, AC +3, negative energy resistance 1, electricity
resistance, torment resistance 1, petrification resistance
a: no special abilities


You were on level 2 of the Dungeon.
You visited 1 branch of the dungeon, and saw 2 of its levels.

You collected 80 gold pieces.


Innate Abilities, Weirdness & Mutations

You are immune to sickness and miasma.
Your stone body is resilient. (AC +3)
You are immune to poison.
You resist negative energy. (rN+)
You are resistant to electric shocks. (rElec)
You are resistant to unholy torment.
You are immune to petrification.


   Skills:
 - Level 3.0 Fighting
 + Level 5.0 Ranged Weapons
 - Level 1.5 Dodging
 - Level 1.1 Stealth


You had 2 spell levels left.
You didn't know any spells.
Your spell library was empty.

Inventory:

Hand Weapons
 Y - a +3 heavy orcbow (weapon)
Armour
 c - a +0 leather armour (worn)
 k - a +0 pair of gloves (worn)
Jewellery
 a - a ring of positive energy
 f - an amulet of the acrobat (around neck)
Scrolls
 b - a scroll of identify {unknown}
Potions
 e - a potion of curing
 h - a potion of magic {unknown}
 l - a potion of heal wounds {unknown}

Dungeon Overview and Level Annotations

Branches:
Dungeon (2/15)

Altars:


Message History

The arrow closely misses the giant cockroach.
You shoot an arrow. The arrow hits the giant cockroach!
You kill the giant cockroach!
Things that are here:
a +0 whip; a kobold corpse
a - a ring of positive energy
b - a scroll labelled FAESUWKOGH A ball python comes into view.
The ball python moves out of view.
The ball python hisses angrily.
You shoot an arrow.
The arrow barely misses the ball python.
You shoot an arrow. The arrow hits the ball python!!
You kill the ball python! 2 gnolls come into view.
The gnoll shouts! x2
You shoot an arrow. The arrow hits the gnoll!
The gnoll is severely wounded.
You shoot an arrow. The arrow hits the gnoll!!
You kill the gnoll!
A gnoll comes into view. It is wielding a +0 spear.
You shoot an arrow. The gnoll shouts!
The arrow hits the gnoll.
The gnoll is moderately wounded.
You shoot an arrow. The arrow closely misses the gnoll. x2
The gnoll barely misses you. The gnoll closely misses you.
You shoot an arrow. The arrow closely misses the gnoll.
The arrow completely misses the gnoll.
The gnoll hits you from afar with a +0 spear!
The gnoll hits you from afar with a +0 spear.
You shoot an arrow. The arrow hits the gnoll!!
You kill the gnoll!
The gnoll barely misses you.
Your Fighting skill increases to level 3!
You shoot an arrow. The arrow barely misses the gnoll.
The gnoll hits you from afar with a +0 spear. x2
You shoot an arrow. The arrow barely misses the gnoll.
The gnoll hits you from afar with a +0 spear. x2
You die...

# #. ##. ## # ... .# ##.
#.##.# ..# #...####..
..###@.g..)|. . #.#...####..
#.##.#..# #.......#######
####.#.##.....#
#.......#.###.# ##
#.##......# #.# ..
#.##.#..#.###.# .#
#######.##....#.....########


You could see a gnoll.

Vanquished Creatures
  2 gnolls (D:2)
  An adder (D:2)
  4 bats (D:1)
  3 giant cockroaches
  5 hobgoblins (D:1)
  4 jackals (D:1)
  4 ball pythons
  A frilled lizard (D:1)
  2 kobolds
  2 rats (D:2)
28 creatures vanquished.

Notes
Turn   | Place    | Note
-------+----------+-------------------------------------------
     0 | D:1      | qw the Gargoyle Hunter began the quest for the Orb.
     0 | D:1      | Reached XP level 1. HP: 12/12 MP: 1/1
     0 | D:1      | 0 ||| qw: Version: 0.3-a-83-gcd0e7d8
     0 | D:1      | 0 ||| qw: Game counter: 1656
     0 | D:1      | 0 ||| qw: Melee chars always use a shield: true
     0 | D:1      | 0 ||| qw: God list: Okawaru
     0 | D:1      | 0 ||| qw: Allow faded altars: false
     0 | D:1      | 0 ||| qw: Do Orc after clearing Dungeon:15 true
     0 | D:1      | 0 ||| qw: Do second Lair branch before Depths: true
     0 | D:1      | 0 ||| qw: Lair rune preference: random
     0 | D:1      | 0 ||| qw: Goals: Normal
     0 | D:1      | 0 ||| PLANNING D:1-11
   178 | D:1      | Reached XP level 2. HP: 17/17 MP: 2/2
   222 | D:1      | 222 ||| Stepping ~*~*~tactically~*~*~ (water).
   501 | D:1      | Reached XP level 3. HP: 21/21 MP: 3/3
   596 | D:1      | 596 ||| UPGRADING to +0 pair of gloves.
   601 | D:1      | 601 ||| UPGRADING to amulet of the acrobat.
   606 | D:1      | 606 ||| READING scroll labelled TULUTI OSTREIPAL.
   609 | D:1      | 609 ||| READING scroll labelled WOF DIAMION.
   609 | D:1      | Identified a scroll of acquirement
   609 | D:1      | 609 ||| ACQUIRING +3 orcbow of flaming
   609 | D:1      | Acquired a +3 orcbow of flaming
   611 | D:1      | 611 ||| SWAPPING to +3 orcbow of flaming.
   612 | D:1      | 612 ||| DROPPING +0 shortbow.
   613 | D:1      | 613 ||| READING scroll labelled OXZEDW LOSCH.
   614 | D:1      | 614 ||| READING scroll labelled KEAPIN YWOM.
   615 | D:1      | 615 ||| DRINKING 2 yellow potions.
   616 | D:1      | 616 ||| DROPPING scroll of butterflies.
   632 | D:2      | Found Kuul's Armour Shoppe.
   654 | D:2      | Reached skill level 5 in Ranged Weapons
   748 | D:2      | Reached skill level 3 in Fighting
   749 | D:2      | HP: 4/23 [gnoll/+0 spear (4)]
   749 | D:2      | Slain by a gnoll

Levels and vault maps discovered:
D:1:      elethiomel_arrival_shortcut, layout_basic, fountainhead
D:2:      layout_loops_cross, serial_shops, shop

Skill      XL: |  1  2  3 |
---------------+----------+-----
Ranged Weapons | 5 |  5.0
Fighting       | 3 |  3.0
Dodging        | |  1.5
Stealth        | |  1.1

Action                     || total
---------------------------++-------
   Fire: Shortbow          ||    60
         Orcbow            ||    26
    Use: Scroll            ||     4
         Potion            ||     1
 Armour: Leather armour    ||    37
  Dodge: Dodged            ||    36

Table legend:
 A = Non-vault XP
 B = Vault XP
 C = Vault XP percentage of total XP
 D = Non-vault monster count
 E = Vault monster count
 F = Vault count percentage of total count
                 A         B        C        D         E       F
            +---------+---------+-------+---------+---------+-------
      Total |      81 |       0 |   0.0 |      28 |       0 |   0.0
            +---------+---------+-------+---------+---------+-------
        D:1 |      34 |       0 |   0.0 |      20 |       0 |   0.0
        D:2 |      47 |       0 |   0.0 |       8 |       0 |   0.0
            +---------+---------+-------+---------+---------+-------
